 Adventure DCSS version bcrawl-1.23 (webtiles) character file.

Game seed: 7244459876151329841

3 funkygono the Conjurer (level 1, 0/11 HPs)
             Began as a Fairy Conjurer on May 21, 2020.
             Slain by a hound (4 damage)
             ... on level 3 of the Dungeon.
             The game lasted 00:03:53 (1060 turns).

funkygono the Conjurer (Fairy Conjurer)             Turns: 1060, Time: 00:03:53

Health: 0/11       AC:  3    Str:  6    XL:     1   Next: 50%
Magic:  6/6        EV: 16    Int: 19    God:
Gold:   95         SH:  3    Dex: 12    Spells: 0/5 levels left
                                        Lives:  0   Deaths: 2

rFire    . . .     SeeInvis .   d - +0 dagger
rCold    . . .     Gourm    .   (shield restricted)
rNeg     . . .     Faith    .   (armour unavailable)
rPois    .         Spirit   .   (no helmet)
rElec    .         Reflect  .   (no cloak)
rCorr    .         Harm     .   (no gloves)
MR       .....                  (no boots)
Stlth    +.........             (no amulet)
HPRegen  0.03/turn              (no ring)
MPRegen  0.10/turn              (no ring)

@: flying evasively
A: small, magic attunement, unstealthy, unfitting armour, able to fly, AC/SH +3
a: Stop Flying


You were on level 3 of the Dungeon.
You were not hungry.

You visited 1 branch of the dungeon, and saw 3 of its levels.

You collected 95 gold pieces.

Inventory:

Hand Weapons
 d - a +0 dagger (weapon)
Missiles
 a - a throwing net (quivered) {!f}
Scrolls
 c - a scroll of identify
Potions
 b - a potion of magic
 f - a potion of heal wounds {unknown}
 g - a potion of haste
 i - a potion of flight
Comestibles
 e - 5 rations {!d}


   Skills:
 + Level 2.7 Dodging
 + Level 1.7 Stealth
 + Level 2.9 Spellcasting
 + Level 6.0 Conjurations


You couldn't memorise any spells.
You knew the following spells:

 Your Spells              Type           Power        Failure   Level  Hunger
a - Magic Dart            Conj           ####         1%          1    None
b - Searing Ray           Conj           ####....     1%          2    None
c - Iskenderun's Mystic   Conj           ####....     4%          3    None

Your spell library contained the following spells:

 Spells                   Type           Power        Failure   Level  Hunger
 Fulminant Prism          Conj/Hex       ##........   41%         4    None
 Irradiate                Conj/Tmut      ##........   77%         5    None


Dungeon Overview and Level Annotations

Branches:
Dungeon (3/12)

Altars:
Gozag
Ru

Annotations:
D:2 Sigmund


Innate Abilities, Weirdness & Mutations

Your spells do not cause hunger and MP costs are reduced by 1.
Your bright wings attract enemies. (Stealth-)
You cannot fit into any form of body armour.
Your shimmering scales are hard and can block incoming attacks. (AC +3, SH +3)
You are small and have problems with some larger weapons.
You can fly continuously.


Message History

A hound comes into view.
The hound barks!
Found a potion of haste.
The hound barely misses you. The hound misses you.
Found 138 sling bullets.
The hound closely misses you. The hound completely misses you.
The hound bites you. The hound bites you.
A kobold comes into view. It is wielding a +0 whip.
The kobold shouts!
The kobold moves out of view.
The hound misses you. The hound barely misses you. The hound misses you.
The hound misses you. The hound bites you.
All of the chunks of flesh in your inventory have rotted away.
The hound bites you.
You die...

#.$...#.#.#
#.....#.#.#
#.....#.#.#
.#####.....#.#.#
...........#.#.#
######.....#.#.#
#.......#.#
#.......#.######
#.......h@.....#
#........#####.#
#........# #
#........# ..
##.......#.#
#.......#.#
##......#.#
#......#.#
########


You could see a hound.

Vanquished Creatures
  2 worms (D:2)
  A dart slug (D:1)
  2 leopard geckos (D:1)
  2 giant cockroaches (D:1)
  4 goblins
  5 hobgoblins
  3 kobolds
  A quokka (D:2)
  3 bats (D:1)
  2 frilled lizards
25 creatures vanquished.

Notes
Turn   | Place    | Note
-------+----------+-------------------------------------------
     0 | D:1      | funkygono the Fairy Conjurer began the quest for the Orb.
     0 | D:1      | Reached XP level 1. HP: 11/11 MP: 6/6
    62 | D:1      | Reached skill level 5 in Conjurations
    76 | D:1      | Reached XP level 2. HP: 17/17 MP: 7/7
    81 | D:1      | Learned a level 2 spell: Searing Ray
   460 | D:1      | Reached XP level 3. HP: 21/21 MP: 6/9
   855 | D:2      | Learned a level 3 spell: Iskenderun's Mystic Blast
   907 | D:2      | Noticed Sigmund
   917 | D:2      | Mangled by Sigmund
   918 | D:2      | Reached XP level 2. HP: -6/17 MP: 7/7
   995 | D:2      | Found an opulent altar of Gozag.
  1007 | D:2      | Reached skill level 6 in Conjurations
  1020 | D:3      | Found a sacrificial altar of Ru.
  1030 | D:3      | Killed from afar by an orc priest
  1031 | D:3      | Reached XP level 1. HP: -6/11 MP: 6/6
  1042 | D:3      | Noticed a hound
  1060 | D:3      | Slain by a hound

Skill      XL: |  1  2 |
---------------+-------+-----
Conjurations   | 5 6 |  6.0
Dodging        | |  2.7
Stealth        | |  1.7
Spellcasting   | |  2.9

Action                   || total
-------------------------++-------
Melee: Dagger            ||     1
 Cast: Magic Dart        ||    62
       Searing Ray       ||     3
       Iskenderun's Myst ||     3
  Use: Scroll            ||     3
       Potion            ||     1
Armor: Skin              ||     4
Dodge: Dodged            ||    15
